 Dungeon Crawl Stone Soup version 0.29.1-15-g9cfb28693d (webtiles) character file.

Game seed: 10096234364435840930

173 leetdood the Trooper (level 5, 0/47 HPs)
             Began as a Minotaur Fighter on Mar 11, 2023.
             Killed from afar by Sigmund (3 damage)
             ... with a magic dart
             ... on level 3 of the Dungeon.
             The game lasted 00:05:10 (2436 turns).

leetdood the Trooper (Minotaur Fighter)             Turns: 2436, Time: 00:05:11

Health: 0/47       AC:  7    Str: 22    XL:     5   Next: 28%
Magic:  0/4        EV:  9    Int:  5    God:
Gold:   154        SH:  4    Dex: 10    Spells: 4/4 levels left

rFire   . . .      SeeInvis .   a - +0 war axe
rCold   . . .      Faith    .   c - +0 buckler
rNeg    . . .      Spirit   .   b - +0 scale mail
rPois   .          Reflect  .   (helmet restricted)
rElec   .          Harm     .   (no cloak)
rCorr   .          Rampage  .   (no gloves)
Will    .....                   (no boots)
Stlth   ..........              (no amulet)
HPRegen 0.15/turn               (no ring)
MPRegen 0.09/turn               (no ring)

@: mighty
A: horns 2, retaliatory headbutt
a: no special abilities


You were on level 3 of the Dungeon.
You visited 1 branch of the dungeon, and saw 3 of its levels.

You collected 154 gold pieces.

Inventory:

Hand Weapons
 a - a +0 war axe (weapon)
Missiles
 i - a throwing net (quivered)
Armour
 b - a +0 scale mail (worn)
 c - a +0 buckler (worn)
Wands
 n - a wand of flame (15)
Scrolls
 e - a scroll of amnesia {unknown}
 f - 4 scrolls of identify {unknown}
 g - a scroll of poison {unknown}
 k - a scroll of teleportation {unknown}
 l - 3 scrolls of blinking {unknown}
 o - a scroll of noise {unknown}
 p - a scroll of brand weapon {unknown}
 r - a scroll of enchant weapon {unknown}
Potions
 h - 2 potions of degeneration {unknown}
 j - 3 potions of flight {unknown}
 m - 3 potions of curing {unknown}
 q - a potion of haste {unknown}


   Skills:
 + Level 4.6 Fighting
 * Level 4.4 Axes
 + Level 4.6 Armour
 + Level 4.6 Shields


You had 4 spell levels left.
You didn't know any spells.
Your spell library contained the following spells:

 Spells                   Type           Power      Damage    Failure   Level
 Ensorcelled Hibernation  Hex/Ice        0%         N/A       95%         2
 Passwall                 Tmut/Erth      0%         N/A       95%         2
 Ignite Poison            Fire/Tmut/Pois 0%         N/A       99%         3
 Mephitic Cloud           Conj/Pois/Air  0%         N/A       99%         3
 Swiftness                Air            0%         N/A       99%         3
 Hailstorm                Conj/Ice       0%         3d3       100%        4
 Ice Form                 Ice/Tmut       0%         N/A       100%        4
 Freezing Cloud           Conj/Ice/Air   0%         6-21      100%        5
 Simulacrum               Ice/Necr       0%         N/A       100%        6


Dungeon Overview and Level Annotations

Branches:
Dungeon (3/15)

Altars:

Annotations:
D:3 Sigmund


Innate Abilities, Weirdness & Mutations

You have a pair of horns on your head.
You reflexively headbutt those who attack you in melee.


Message History

The orc is almost dead.
Sigmund hits you from afar with a +4 antimagic scythe.
The orc hits you but does no damage.
You barely miss the orc.
The orc is almost dead.
You hit the orc but do no damage. Sigmund hits you but does no damage.
The orc hits you but does no damage. You block the orc's attack.
You closely miss the orc.
The orc is almost dead.
You hit the orc. The orc closely misses you. The orc hits you with a +0 dagger.
Sigmund gestures wildly while chanting.
Sigmund flickers and vanishes!
Deactivating autopickup; reactivate with Ctrl-A.
You hit the orc.
You kill the orc!
You slash the orc!
You kill the orc!
Something hits you but does no damage. You block the orc's attack.
You closely miss the orc. You headbutt the orc.
The orc is almost dead.
Something hits you! You block the orc's attack.
You hit the orc.
You kill the orc!
Something hits you but does no damage.
Items here: ))) [.
You barely miss something. Something hits you.
You hit something. Something hits you!
You feel your power leaking away.
You miss something. Your headbutt misses something. Something hits you.
You feel very mighty all of a sudden. Something hits you.
* * * LOW HITPOINT WARNING * * *
You miss something. You headbutt something! Something hits you!
* * * LOW HITPOINT WARNING * * *
You closely miss something. You closely miss something.
You hear some strange, mumbled words.
A magic dart appears from out of thin air!
The magic dart hits you.
You die...

#.##......
##...(...
....... ..#.#
#...#
##<.##.#
##......#
#.)##..##
#@## ....#
#..{....###.#
#..###..## .#
#. ...# # #
..... .##..#
># ..# .# .#


There were no monsters in sight!

Vanquished Creatures
  Natasha (thrice) (D:2)
  Robin (D:2)
  2 worms (D:2)
  A dart slug (D:1)
  5 orcs (D:3)
  5 endoplasms
  2 giant cockroaches
  13 goblins
  7 hobgoblins
  9 jackals
  11 kobolds
  A quokka (D:2)
  3 ball pythons
  4 bats
  2 frilled lizards (D:2)
69 creatures vanquished.

Vanquished Creatures (others)
  2 plants (D:1)
2 creatures vanquished.

Grand Total: 71 creatures vanquished

Notes
Turn   | Place    | Note
-------+----------+-------------------------------------------
     0 | D:1      | leetdood the Minotaur Fighter began the quest for the Orb.
     0 | D:1      | Reached XP level 1. HP: 19/19 MP: 0/0
   152 | D:1      | Reached XP level 2. HP: 27/27 MP: 1/1
   279 | D:1      | Found a faded altar of an unknown god.
   477 | D:1      | Reached XP level 3. HP: 30/33 MP: 2/2
  1083 | D:2      | Noticed Natasha
  1091 | D:2      | Killed Natasha
  1092 | D:2      | Reached XP level 4. HP: 23/40 MP: 3/3
  1190 | D:2      | Noticed Natasha
  1201 | D:2      | Killed Natasha
  1298 | D:2      | Noticed Natasha
  1319 | D:2      | Killed Natasha
  1626 | D:2      | Noticed Robin
  1635 | D:2      | Killed Robin
  1636 | D:2      | Reached XP level 5. HP: 38/47 MP: 4/4
  2421 | D:3      | Noticed Sigmund
  2434 | D:3      | HP: 2/47 [something (9)]
  2436 | D:3      | Killed from afar by Sigmund

Illustrated notes

Levels and vault maps discovered:
D:1:      minmay_arrival_wavy_path, layout_basic,
          chequers_ecumenical_altar_lobes, minmay_domino_4
D:2:      layout_basic, minmay_misc_feat_square, kennysheep_generic_room_5,
          uniq_robin, uniq_natasha
D:3:      layout_rooms, grunt_ministairs_1, uniq_sigmund,
          uniq_crazy_yiuf_cottage

Skill      XL: |  1  2  3  4 |
---------------+-------------+-----
Fighting       | 4 |  4.6
Armour         | 4 |  4.6
Axes           | 3 4 |  4.4
Shields        | 4 |  4.6

Action                   |  1- 3 |  4- 6 || total
-------------------------+-------+-------++-------
Melee: War axe           |    68 |    66 ||   134
       Headbutt          |    12 |     9 ||    21
  Use: Potion            |       |     1 ||     1
Armor: Scale mail        |    15 |    36 ||    51
Dodge: Dodged            |    20 |    30 ||    50
Block: Buckler           |     7 |    15 ||    22
